 Dungeon Sprint DCSS version 0.21.1-1-g345015fe64 (webtiles) character file.

438 Rrauwl the Cleaver (level 6, -2/57 HPs)
             Began as a Minotaur Fighter on Mar 8, 2018.
             Was an Initiate of Okawaru.
             Slain by Sonja
             ... wielding a +0 short sword of distortion
              (6 damage)
             ... in the Dungeon (Sprint I: "Red Sonja").
             The game lasted 00:02:30 (216 turns).

Rrauwl the Cleaver (Minotaur Fighter)                Turns: 216, Time: 00:02:31

Health: -2/57      AC:  7    Str: 22    XL:     6   Next: 69%
Magic:  5/5        EV: 10    Int:  5    God:    Okawaru [......]
Gold:   297        SH: 10    Dex: 10    Spells: 5/5 levels left

rFire    . . .     SeeInvis .   a - +0 war axe
rCold    . . .     Gourm    .   c - +0 shield
rNeg     . . .     Faith    .   b - +0 scale mail
rPois    .         Spirit   .   (helmet restricted)
rElec    .         Reflect  .   (no cloak)
rCorr    .         Harm     .   (no gloves)
MR       .....     NoTele   +   (no boots)
Stlth    ..........             (no amulet)
HPRegen  0.19/turn              (no ring)
MPRegen  0.09/turn              (no ring)

@: lethally poisoned (-2 -> -5), hasted and slowed
A: retaliatory headbutt, horns 2
a: Renounce Religion


You were in the Dungeon.
You worshipped Okawaru.
Okawaru was noncommittal.
You were not hungry.

You visited 1 branch You collected 297 gold pieces.

Inventory:

Hand Weapons
 a - a +0 war axe (weapon)
Armour
 b - a +0 scale mail (worn)
 c - a +0 shield (worn)
Scrolls
 k - a scroll of blinking
Potions
 e - a potion of curing
 g - a potion of heal wounds
 i - 2 potions of magic
 j - a potion of berserk rage
Comestibles
 f - 2 rations
 l - 9 chunks of flesh


   Skills:
 - Level 6.1 Fighting
 + Level 13.7 Axes
 - Level 6.1 Armour
 - Level 4.2 Dodging
 - Level 6.1 Shields


You had 5 spell levels left.
You didn't know any spells.

Dungeon Overview and Level Annotations

Branches:
Dungeon (1/1)

Altars:
Cheibriados
Dithmenos
Elyvilon
Fedhas
Gozag
Hepliaklqana
Kikubaaqudgha
Nemelex Xobeh
Okawaru
Qazlal
Ru
Sif Muna
Trog
Uskayaw
Vehumet
Wu Jian
Yredelemnul
Zin
The Shining One

Shops:
D (

Annotations:
D Sonja


Innate Abilities, Weirdness & Mutations

You reflexively headbutt those who attack you in melee.
You have a pair of horns on your head.


Message History

Space bends around you.
Sonja hits you with an uncursed short sword of distortion.
You feel a strange sense of stasis. Sonja barely misses you.
Unknown command.
You completely miss Sonja.
You feel sick. Sonja barely misses you. Sonja hits you but does no damage.
Space warps horribly around you! You block Sonja's attack.
Sonja hits you but does no damage. Space bends around you.
You block Sonja's attack. Sonja hits you but does no damage.
Unknown command.
Your shield and scale mail prevent you from hitting Sonja.
Your headbutt misses Sonja. You block Sonja's attack. Sonja closely misses you.
Sonja misses you.
Unknown command.
You closely miss Sonja.
You feel sick. You block Sonja's attack.
Sonja hits you with an uncursed short sword of distortion.
Space warps horribly around you!
* * * LOW HITPOINT WARNING * * *
Sonja hits you but does no damage. Space bends around you.
You die...

#<.#..)..#..'..#
#..').#..').#..+
#..#####'#####'#
#..####..#...#.#
#..#__####..##)#
#..#_____##'#_.+
#⌠⌠#_.∩...'..._#
####_..__##_(#+#
#_____###@#
####### #K# $.$
#$.$# ##.## #+#


You could see Sonja.

Vanquished Creatures
  Sigmund (D)
  A yak (D)
  An ogre (D)
  A jelly (D)
  Ijyb (D)
5 creatures vanquished.

Notes
Turn   | Place    | Note
-------+----------+-------------------------------------------
     0 | D        | Rrauwl the Minotaur Fighter began the quest for the Orb.
     0 | D        | Reached XP level 1. HP: 19/19 MP: 0/0
     1 | D        | Noticed Ijyb
    31 | D        | Killed Ijyb
    31 | D        | Reached skill level 3 in Axes
    31 | D        | Reached XP level 2. HP: 24/28 MP: 1/1
    36 | D        | Noticed an ogre
    42 | D        | Killed an ogre
    42 | D        | Reached skill level 5 in Axes
    42 | D        | Reached XP level 3. HP: 33/37 MP: 2/2
    42 | D        | Reached XP level 4. HP: 40/44 MP: 3/3
    52 | D        | Noticed Sigmund
    59 | D        | Killed Sigmund
    59 | D        | Reached skill level 11 in Axes
    59 | D        | Reached XP level 5. HP: 39/50 MP: 4/4
    59 | D        | Reached XP level 6. HP: 45/57 MP: 5/5
    74 | D        | Found an ornate altar of the Wu Jian Council.
    74 | D        | Found a deep blue altar of Sif Muna.
    76 | D        | Found a radiant altar of Vehumet.
    85 | D        | Found Essul's Antique Weapon Emporium.
    85 | D        | Found an ancient bone altar of Kikubaaqudgha.
    85 | D        | Found a hazy altar of Hepliaklqana.
    85 | D        | Found a stormy altar of Qazlal.
    85 | D        | Found a hide-covered altar of Uskayaw.
    85 | D        | Found a blossoming altar of Fedhas.
    85 | D        | Found a bloodstained altar of Trog.
    85 | D        | Found an iron altar of Okawaru.
    85 | D        | Found a basalt altar of Yredelemnul.
    85 | D        | Found a glowing golden altar of the Shining One.
    85 | D        | Found a snail-covered altar of Cheibriados.
    85 | D        | Found a sacrificial altar of Ru.
    85 | D        | Found a glowing silver altar of Zin.
    85 | D        | Found a shadowy altar of Dithmenos.
    85 | D        | Found a white marble altar of Elyvilon.
    85 | D        | Noticed a yak
    95 | D        | Killed a yak
    95 | D        | Reached skill level 13 in Axes
    96 | D        | Found an opulent altar of Gozag.
   114 | D        | Found a sparkling altar of Nemelex Xobeh.
   119 | D        | Became a worshipper of Warmaster Okawaru
   209 | D        | Noticed Sonja
   216 | D        | Slain by Sonja

Skill      XL: |  1  2  3  4  5  6 |
---------------+-------------------+-----
Fighting       | 4 6 |  6.1
Axes           | 3 5 11 13 | 13.7
Armour         | 4 6 |  6.1
Dodging        | 2 4 |  4.2
Shields        | 4 6 |  6.1

Action                   |  1- 3 |  4- 6 || total
-------------------------+-------+-------++-------
Melee: War axe           |    34 |    22 ||    56
       Headbutt          |     3 |     6 ||     9
  Use: Potion            |     1 |     1 ||     2
Armor: Scale mail        |    14 |     7 ||    21
Dodge: Dodged            |    10 |     9 ||    19
Block: Shield            |    13 |    11 ||    24
